 Dungeon Crawl Stone Soup version 0.28.0-53-g5a82cb258f (webtiles) character file.

Game seed: 11172229247774711717

3234 MiltankisOP the Conjurer (level 9, -13/68 HPs)
             Began as a Barachi Ice Elementalist on June 17, 2022.
             Was a Believer of Vehumet.
             Killed from afar by a deep elf pyromancer (35 damage)
             ... with a bolt of fire
             ... on level 9 of the Dungeon.
             The game lasted 00:26:45 (11083 turns).

MiltankisOP the Conjurer (BaIE)                    Turns: 11083, Time: 00:26:46

Health: -13/68     AC: 16    Str:  9    XL:     9   Next: 98%
Magic:  2/16       EV: 12    Int: 20    God:    Vehumet [**....]
Gold:   494        SH:  0    Dex: 13    Spells: 8/18 levels left

rFire   . . .      SeeInvis .   u - +3 quarterstaff (chaos)
rCold   . . .      Faith    .   (shield currently unavailable)
rNeg    . . .      Spirit   .   A - quicksilver dragon scales
rPois   .          Reflect  .   (no helmet)
rElec   .          Harm     .   v - +0 cloak
rCorr   .          Rampage  .   (no gloves)
Will    +....                   b - +1 pair of boots
Stlth   +.........              (no amulet)
HPRegen 0.21/turn               o - +4 ring of protection
MPRegen 0.15/turn               (no ring)

@: freezing walls, slow
A: amphibious, slowness 1, strong legs 1, +LOS
a: Hop, Renounce Religion


You were on level 9 of the Dungeon.
You worshipped Vehumet.
Vehumet was pleased with you.
You visited 2 branches of the dungeon, and saw 10 of its levels.

You collected 494 gold pieces.

Inventory:

Hand Weapons
 u - a +3 quarterstaff of chaos (weapon)
Missiles
 p - a throwing net
Armour
 a - a +0 robe
 b - a +1 pair of boots (worn)
 t - a +0 pair of boots
 v - a +0 cloak (worn)
 A - quicksilver dragon scales (worn)
Magical Staves
 j - a staff of conjuration
Jewellery
 o - a +4 ring of protection (left hand)
Wands
 m - a wand of flame (1)
Scrolls
 c - 4 scrolls of vulnerability {unknown}
 e - a scroll of fear {unknown}
 f - 4 scrolls of identify {unknown}
 h - a scroll of silence {unknown}
 i - 2 scrolls of magic mapping {unknown}
 l - a scroll of teleportation {unknown}
 s - 3 scrolls of blinking {unknown}
 w - 3 scrolls of noise {unknown}
 x - a scroll of holy word {unknown}
 y - a scroll of torment {unknown}
Potions
 d - 3 potions of heal wounds {unknown}
 g - 3 potions of might {unknown}
 k - 2 potions of brilliance {unknown}
 n - a potion of flight {unknown}
 q - 2 potions of curing
 r - 2 potions of mutation {unknown}
 z - 2 potions of lignification {unknown}


   Skills:
 - Level 5.0 Fighting
 - Level 6.0 Dodging
 - Level 2.0 Stealth
 - Level 5.0 Spellcasting
 + Level 7.8 Conjurations
 - Level 7.0 Ice Magic
 - Level 7.0 Air Magic
 - Level 3.0 Poison Magic


You had 8 spell levels left.
You knew the following spells:

 Your Spells              Type           Power      Damage    Failure   Level
a - Freeze                Ice            100%       1d11      1%          1
b - Frozen Ramparts       Ice            66%        1d8       5%          3
c - Ozocubu's Armour      Ice            33%        N/A       5%          3
d - Mephitic Cloud        Conj/Pois/Air  28%        N/A       9%          3

Your spell library contained the following spells:

 Spells                   Type           Power      Damage    Failure   Level
 Static Discharge         Conj/Air       34%        N/A       2%          2
 Poisonous Vapours        Pois/Air       50%        N/A       6%          2
 Corpse Rot               Necr/Air       38%        N/A       12%         2
 Hailstorm                Conj/Ice       34%        3d9       16%         4
 Conjure Flame            Conj/Fire      20%        6-21      21%         3
 Freezing Cloud           Conj/Ice/Air   17%        6-21      41%         5
 Monstrous Menagerie      Summ           2%         N/A       100%        7


Dungeon Overview and Level Annotations

Branches:
Dungeon (9/15)             Temple (1/1) D:5
   Lair: D:8-11         Orc: D:9-12

Altars:
Ashenzari
Cheibriados
Dithmenos
Elyvilon
Fedhas
Gozag
Hepliaklqana
Kikubaaqudgha
Makhleb
Nemelex Xobeh
Okawaru
Qazlal
Ru
Sif Muna
Trog
Uskayaw
Vehumet
Wu Jian
Xom
Yredelemnul
Zin
The Shining One

Shops:
D:3 *   D:4 [

Annotations:
D:3 2 runed translucent doors, Sin92's ghost, amateur DsFi


Innate Abilities, Weirdness & Mutations

You are amphibious.
You cover ground slowly.
You can hop short distances.
You have an extended range of vision and can be seen from far away.


Message History

Your icy armour will break if you move.
Continue?
Okay, then.
You feel less confused.
A deep elf pyromancer comes into view. It is wielding a +0 long sword.
Okay, then.
It was a potion of curing.
You feel better.
Casting: Freeze (safe; 1% risk of failure)
Confirm with . or Enter, or press ? or * to list all spells.
Casting: Frozen Ramparts (dangerous; 5% risk of failure)
Press: ? - help, Dir - look around, f - activate The walls around you are covered in ice.
The wall freezes the two-headed ogre.
You kill the two-headed ogre!
Vehumet accepts your kill.
The wall freezes the deep elf pyromancer.
The deep elf pyromancer drinks a potion.
The deep elf pyromancer suddenly seems more resistant.
Your Conjurations skill gained 2 levels and is now at level 7!
You hit the deep elf pyromancer.
The deep elf pyromancer is moderately wounded.
The deep elf pyromancer resists.
The wall freezes the deep elf pyromancer.
The deep elf pyromancer hits you but does no damage.
You closely miss the deep elf pyromancer.
The deep elf pyromancer is moderately wounded.
The deep elf pyromancer resists.
The wall freezes the deep elf pyromancer.
The deep elf pyromancer hits you but does no damage.
The deep elf pyromancer resists.
The wall freezes the deep elf pyromancer.
The deep elf pyromancer misses you.
You hit the deep elf pyromancer.
The deep elf pyromancer is heavily wounded.
The deep elf pyromancer resists.
The wall freezes the deep elf pyromancer.
The deep elf pyromancer gestures at you while chanting.
The bolt of fire hits you!!
Your icy armour melts away.
Ouch! That really hurt!
You die...

...........................
...........................
...........................
...........................
#########.......##'####+#..
####'####....#
#...........# #.....#######
#..)@.# ####e## ... ....#
.....# #.....# #.....+
#.....# #.....#


You could see a deep elf pyromancer (resistant).

Vanquished Creatures
  A two-headed ogre (D:9)
  A troll (D:9)
  Menkaure (D:6)
  A black bear (D:4)
  An orc warrior (D:7)
  An ice beast (D:7)
  A necrophage (D:6)
  2 sky beasts (D:5)
  3 ogres
  A centaur (D:8)
  2 kobold brigands (D:8)
  2 bullfrogs
  A scorpion (D:6)
  A water moccasin skeleton (D:4)
  4 wights (D:7)
  2 howler monkeys
  A bullfrog zombie (D:5)
  2 hounds
  A jelly (D:7)
  2 gnoll shamans (D:8)
  3 orc priests
  A bullfrog skeleton (D:6)
  2 iguanas
  Crazy Yiuf (D:5)
  A scorpion zombie (D:5)
  4 orc wizards
  A hound zombie (D:5)
  9 gnolls
  A howler monkey zombie (D:7)
  8 adders
  A white imp (D:7)
  2 ufetubi (D:5)
  2 worms
  3 dart slugs
  23 orcs
  5 endoplasms
  5 giant cockroaches
  4 goblins
  2 hobgoblins (D:2)
  2 jackals (D:4)
  6 quokkas
  4 ball pythons
  2 bats
  6 frilled lizards
  16 kobolds
  3 rats
148 creatures vanquished.

Vanquished Creatures (others)
  A bullfrog skeleton (D:6)
1 creature vanquished.

Grand Total: 149 creatures vanquished

Notes
Turn   | Place    | Note
-------+----------+-------------------------------------------
     0 | D:1      | MiltankisOP the Barachi Ice Elementalist began the quest
                  | for the Orb.
     0 | D:1      | Reached XP level 1. HP: 13/13 MP: 3/3
   480 | D:1      | Reached skill level 5 in Ice Magic
   480 | D:1      | Reached XP level 2. HP: 19/19 MP: 3/5
   945 | D:2      | Got the Tome of Damaging Creation
   998 | D:2      | Reached XP level 3. HP: 24/24 MP: 2/6
  1829 | D:2      | Learned a level 3 spell: Frozen Ramparts
  1850 | D:3      | Reached XP level 4. HP: 30/30 MP: 4/7
  2193 | D:3      | Found Tiugysot's Assorted Antiques.
  2281 | D:3      | Found a large runed translucent door.
  2281 | D:3      | Found a large runed translucent door.
  2327 | D:3      | Learned a level 3 spell: Ozocubu's Armour
  2464 | D:3      | Found a faded altar of an unknown god.
  2500 | D:3      | Noticed Sin92's ghost (amateur DsFi)
  2570 | D:3      | Reached XP level 5. HP: 33/35 MP: 2/9
  2871 | D:4      | Found Jesamumne's Antique Armour Emporium.
  3409 | D:4      | Found a glowing drain.
  3779 | D:4      | Reached XP level 6. HP: 38/41 MP: 8/13
  3882 | D:4      | Noticed a black bear
  3890 | D:4      | Killed a black bear
  3891 | D:4      | Reached skill level 5 in Spellcasting
  4103 | D:5      | Entered Level 5 of the Dungeon
  4113 | D:5      | Reached XP level 7. HP: 23/46 MP: 4/14
  4425 | D:5      | Reached skill level 5 in Dodging
  4531 | D:5      | Found a staircase to the Ecumenical Temple.
  4557 | Temple   | Entered the Ecumenical Temple
  4746 | Temple   | Became a worshipper of Vehumet
  4981 | D:5      | Reached skill level 1 in Fighting
  5782 | D:5      | Found a runed translucent door.
  5783 | D:5      | Noticed Crazy Yiuf
  6142 | D:5      | Killed Crazy Yiuf
  6319 | D:6      | Noticed Menkaure
  6481 | D:6      | Reached XP level 8. HP: 58/58 MP: 8/15
  6852 | D:6      | Killed Menkaure
  7061 | D:6      | Reached skill level 5 in Fighting
  7061 | D:6      | Reached skill level 1 in Conjurations
  7575 | D:6      | Reached skill level 5 in Conjurations
  8069 | D:7      | Reached skill level 1 in Air Magic
  8069 | D:7      | Reached skill level 1 in Poison Magic
  8636 | D:7      | Reached XP level 9. HP: 25/68 MP: 7/16
  8865 | D:7      | Reached * piety under Vehumet
  8865 | D:7      | Offered knowledge of Sandblast by Vehumet.
  9342 | D:7      | Learned a level 3 spell: Mephitic Cloud
  9728 | D:7      | Found a sparkling altar of Nemelex Xobeh.
  9949 | D:8      | Reached skill level 5 in Air Magic
 10724 | D:8      | Offered knowledge of Static Discharge by Vehumet.
 10997 | D:9      | Noticed a troll
 11011 | D:9      | Killed a troll
 11064 | D:9      | Noticed a two-headed ogre
 11078 | D:9      | Noticed a deep elf pyromancer
 11080 | D:9      | Killed a two-headed ogre
 11080 | D:9      | Reached ** piety under Vehumet
 11083 | D:9      | Killed from afar by a deep elf pyromancer

Illustrated notes

Levels and vault maps discovered:
D:1:      eino_arrival_water_cross, layout_loops_ring
D:2:      layout_basic, minivault_26
D:3:      layout_rooms, shapermc_ecumenical_altar_petra, serial_shops,
          nicolae_shop_trees, ebering_ghost_disaster_area
D:4:      layout_basic, serial_shops, shop, gup_sewer_entry_glass
D:5:      layout_layer_cave, minmay_temple_entry_junction_2,
          kennysheep_generic_room_4, uniq_crazy_yiuf_cottage
D:6:      layout_basic, uniq_menkaure
D:7:      layout_cave_pods, nemelex_spade_bored_becter
D:8:      layout_gridville
D:9:      layout_gridville, eino_jars
Temple:   mainiacjoe_temple_circle_huts

Skill      XL: |  1  2  3  4  5  6  7  8  9 |
---------------+----------------------------+-----
Stealth        | 2 |  2.0
Ice Magic      | 5 6 7 |  7.0
Spellcasting   | 4 5 |  5.0
Dodging        | 4 6 |  6.0
Fighting       | 3 5 |  5.0
Conjurations   | 5 7 |  7.8
Air Magic      | 2 7 |  7.0
Poison Magic   | 2 3 |  3.0

Action                   |  1- 3 |  4- 6 |  7- 9 || total
-------------------------+-------+-------+-------++-------
Melee: Unarmed           |     6 |    10 |       ||    16
       Punch             |     1 |     1 |     2 ||     4
       Staff             |       |    50 |    35 ||    85
       Quarterstaff      |       |       |    85 ||    85
 Cast: Freeze            |    48 |    55 |    49 ||   152
       Ozocubu's Armour  |       |     6 |    33 ||    39
       Frozen Ramparts   |       |     4 |    47 ||    51
       Mephitic Cloud    |       |       |     2 ||     2
 Abil: Hop               |       |     1 |     1 ||     2
Evoke: Wand              |       |     8 |    16 ||    24
  Use: Potion            |       |       |     1 ||     1
 Stab: Petrified         |       |       |     2 ||     2
       Confused          |       |       |     1 ||     1
       Sleeping          |       |       |     1 ||     1
Armor: Robe              |    17 |    55 |    63 ||   135
       Quicksilver drago |       |       |     4 ||     4
Dodge: Dodged            |    28 |    97 |   141 ||   266
